 Dungeon Crawl Stone Soup version 0.15-a0-2265-gb33f7a6 (console) character file.

59614 MrRokkomies the Protected (level 14, -13/88 HPs)
             Began as a Gargoyle Artificer on July 26, 2014.
             Was the Champion of Trog.
             Mangled by Maud
             ... wielding a +3 halberd of flaming
              (19 damage)
             ... on Level 8 of the Lair of Beasts on July 27, 2014.
             The game lasted 02:27:49 (29342 turns).

MrRokkomies the Protected (Gargoyle Artificer)     Turns: 29342, Time: 02:27:50

HP -13/88        AC 29     Str 20      XL: 14   Next: 95%
MP  11/28        EV  8     Int 13      God: Trog [******]
Gold 1280        SH  0     Dex 13      Spells:  0 memorised, 13 levels left

rFire  + . .     SeeInvis +     b - +6 triple crossbow (flame)
rCold  . . .     Clarity  .     C - +1 chain mail {rC+}
rNeg   + . .     rCorr    .     (no shield)
rPois  +         rRot     +     e - +0 hat
rElec  +         Spirit   .     q - +1 cloak
SustAb .         Warding  .     (no gloves)
rMut   .         Stasis   .     I - +1 pair of boots
Gourm  .                        G - amulet of faith
MR     +....                    u - ring of Jenott Ocke {Fire Str+1 SInv}
                                H - +2 ring of dexterity

@: flying, somewhat resistant to hostile enchantments, extremely unstealthy
A: able to fly continuously, big wings, negative energy resistance 1,
electricity resistance, unbreathing, petrification resistance, rot immunity, AC
+9
a: Stop Flying, Burn Spellbooks, Berserk, Trog's Hand, Brothers in Arms,
Renounce Religion


You were on level 8 of the Lair of Beasts.
You worshipped Trog.
Trog was exalted by your worship.
You were hungry.

You visited 3 branches of the dungeon, and saw 20 of its levels.

You collected 1280 gold pieces.

Inventory:

Hand weapons
 a - a +4 antimagic quarterstaff
 b - a +6 triple crossbow of flaming (weapon)
 r - a +0 blowgun
 s - the cursed +2 hand crossbow "Newtslayer" {velocity, Str-4 Int+4 Stlth++, unknown}
   (You found it on level 7 of the Lair of Beasts)

   Any bolt fired from it inflicts extra damage.
   It affects your strength (-4).
   It affects your intelligence (+4).
   It makes you much more stealthy.
   It has a curse placed upon it.
 U - a +6 arbalest of evasion
Missiles
 p - 14 bolts of frost
 A - 20 bolts of penetration
 B - 31 poisoned needles
 T - 78 bolts (quivered)
 V - 31 bolts of flame
Armour
 e - a +0 hat (worn)
 q - a +1 cloak (worn)
 C - a +1 chain mail of cold resistance (worn)
 I - a +1 pair of boots (worn)
Magical devices
 j - a wand of digging (10)
 o - a wand of slowing (10)
 v - a wand of paralysis (0)
 y - a wand of frost (13)
 E - a wand of slowing (1)
 F - a wand of disintegration (4)
 K - a wand of fire (2)
 N - a wand of enslavement (0)
 Q - a wand of slowing (15)
 Y - a wand of digging (7)
Comestibles
 f - 15 bread rations
 n - 9 meat rations
 x - 13 fruits
Scrolls
 c - a scroll of immolation
 h - 6 scrolls of remove curse
 J - a scroll of enchant armour
 L - 3 scrolls of teleportation
 O - a scroll of fog
 X - a scroll of magic mapping
Jewellery
 u - the ring of Jenott Ocke (right hand) {Fire Str+1 SInv}
   (You found it on level 4 of the Lair of Beasts)

   [ring of fire]

   It enhances your fire magic, and weakens your ice magic.
   It affects your strength (+1).
   It protects you from fire.
   It makes you vulnerable to cold.
   It enhances your eyesight.
 D - an uncursed ring of magical power
 G - an amulet of faith (around neck)
 H - a +2 ring of dexterity (left hand)
 S - an uncursed amulet of resist corrosion {unknown}
Potions
 g - a potion of invisibility
 i - a potion of magic
 k - 4 potions of agility
 l - a potion of cancellation
 m - a potion of resistance
 z - a potion of flight
 P - a potion of cure mutation
 R - a potion of confusion {unknown}
Miscellaneous
 d - a sack of spiders {used: 1}
 M - a phial of floods (inert)


   Skills:
 - Level 10.0 Fighting
   Level 0.8 Short Blades
 - Level 12.4 Staves
 * Level 11.1 Crossbows
 * Level 14.7 Armour
 - Level 1.5 Dodging
 - Level 1.1 Stealth
 - Level 11.3 Evocations


You had 13 spell levels left.
You didn't know any spells.

Dungeon Overview and Level Annotations

Branches:
Dungeon (11/15)            Temple (1/1) D:7             Orc (0/4) D:10
   Lair (8/8) D:11         Shoals (0/5) Lair:3        Snake (0/5) Lair:5
  Slime (0/6) Lair:8

Altars:
Ashenzari
Cheibriados
Dithmenos
Elyvilon
Fedhas
Gozag
Kikubaaqudgha
Makhleb
Nemelex Xobeh
Okawaru
Qazlal
Sif Muna
Trog
Vehumet
Xom
Yredelemnul
Zin
The Shining One
Beogh

Shops:
D:7 %

Annotations:
Lair:1 exclusion: oklob plant
Lair:7 exclusion: oklob plant
Lair:8 Maud


Innate Abilities, Weirdness & Mutations

You are resistant to torment.
You are immune to poison.
You can fly continuously.
Your stone body is very resilient (AC +9).
Your wings are large and strong.
You resist negative energy.
You are resistant to electric shocks.
You can survive without breathing.
You are immune to petrification.
You are immune to rotting.


Message History

Maud screams, "I want it!"
Maud hits you from afar with a halberd of flaming.
* * * LOW HITPOINT WARNING * * *
Firing (i - inventory. (,) - cycle):
T - 80 bolts (quivered)
Press: ? - help, Shift-Dir - straight line, f/p - Maud
Aim: Maud, wielding a halberd of flaming, wearing a glowing chain mail and carrying a wand of lightning {zapped: 4} (heavily wounded)
You shoot a bolt. The bolt hits Maud!!
The bolt burns Maud.
Maud is severely wounded.
Maud hits you from afar with a halberd of flaming!
* * * LOW HITPOINT WARNING * * *
Maud burns you.
* * * LOW HITPOINT WARNING * * *
Maud barely misses you.
Firing (i - inventory. (,) - cycle):
T - 79 bolts (quivered)
Press: ? - help, Shift-Dir - straight line, f/p - Maud
Aim: Maud, wielding a halberd of flaming, wearing a glowing chain mail and carrying a wand of lightning {zapped: 4} (severely wounded)
You shoot a bolt. The bolt hits Maud!!
The bolt burns Maud.
Maud is almost dead.
Maud hits you from afar with a halberd of flaming!!
You die...

##.%.....#P.........P..#...
#...#.........)......#....
#.##................###..
## ##..............P# #
##..%##...P.(.###
#...#.#.P(...##
#.P.%###@...##
##...#....P..#
##...@....### ##.##..#.#
### .#### ##


You could see Maud.

Vanquished Creatures
  Gastronok (Lair:1)
  The ghost of AvylaarBelgium the Eclecticist, a powerful DEFE of Vehumet (Lair:8)
  A fire dragon (Lair:8)
  5 hydras
  Fannar (D:10)
  6 death yaks (Lair:5)
  The ghost of Herrn the Cleaver, a powerful VSFi of Cheibriados (D:10)
  Nergalle (Lair:1)
  A lindwurm (Lair:8)
  An unseen horror (D:10)
  Erolcha (D:9)
  Pikel (D:6)
  A hill giant (D:11)
  A griffon (Lair:3)
  15 elephants
  A manticore (Lair:3)
  Maurice (D:8)
  6 black mambas
  14 spiny frogs
  8 komodo dragons
  9 fire drakes
  3 trolls
  A spriggan druid (Lair:7)
  2 polar bears (Lair:7)
  Prince Ribbit (D:5)
  A boulder beetle (Lair:8)
  9 blink frogs
  The ghost of Protee the Ruinous, an average DsWz (D:4)
  3 basilisks
  6 ugly things
  A spriggan (D:7)
  A deep elf mage (D:11)
  A shadow (D:11)
  2 steam dragons
  8 wolves
  A wraith (D:11)
  Eustachio (D:6)
  3 wyverns
  43 yaks
  A hungry ghost (D:11)
  10 hippogriffs
  2 nagas (Lair:5)
  Edmund (D:7)
  A soldier ant (D:11)
  2 mottled dragons (Lair:8)
  A slave (D:6)
  3 sky beasts
  22 water moccasins
  A swamp drake (Lair:8)
  14 porcupines
  3 ice beasts
  10 ogres
  2 phantoms
  5 orc warriors
  A boring beetle (Lair:8)
  13 crocodiles
  Sigmund (D:4)
  A big kobold (D:8)
  2 centaurs
  Blork the orc (D:6)
  21 giant frogs
  A wyvern zombie (D:8)
  A scorpion (D:5)
  3 wights (D:11)
  A troll zombie (D:7)
  21 killer bees
  2 hippogriff skeletons (D:9)
  4 jellies
  10 crimson imps
  A giant frog zombie (D:10)
  2 electric eels (D:11)
  A quasit (D:7)
  A goliath beetle (D:6)
  7 hounds
  7 orc priests
  An elf zombie (D:8)
  6 orc wizards
  16 iguanas
  6 orange rats
  Natasha (thrice) (D:4)
  5 worker ants
  11 sheep
  Ijyb (D:6)
  Jessica (D:3)
  Terence (D:2)
  A mummy (D:11)
  20 adders
  A scorpion zombie (D:5)
  34 green rats
  6 shadow imps
  2 giant mites
  4 worms
  An orc skeleton (D:6)
  2 giant geckos
  30 orcs
  5 giant cockroaches
  9 goblins
  26 hobgoblins
  3 jackals
  11 quokkas
  16 bats
  A giant gecko zombie (D:5)
  4 giant newts
  A giant newt skeleton (D:5)
  A giant newt zombie (D:6)
  A giant spore (D:8)
  17 kobolds
  A kobold skeleton (D:6)
  12 rats
  2 ballistomycetes (D:8)
  3 fungi
  A plant (Lair:7)
611 creatures vanquished.

Vanquished Creatures (collateral kills)
  2 elephants (Lair:8)
  A torpor snail (Lair:7)
  A komodo dragon (Lair:8)
  A two-headed ogre (D:9)
  Grum (D:9)
  A swamp drake (Lair:8)
  A slave (D:6)
  A cyclops zombie (D:11)
  3 killer bees
  A crimson imp (D:11)
  An iguana (Lair:8)
  A jelly (D:9)
  4 orc wizards
  6 orcs
25 creatures vanquished.

Vanquished Creatures (others)
  A wight (D:11)
  An orange rat (Lair:8)
  2 sheep (Lair:8)
  2 gnolls (D:6)
  A giant spore (D:10)
  A bush (Lair:7)
  13 fungi
  12 plants
33 creatures vanquished.

Grand Total: 669 creatures vanquished

Notes
Turn   | Place    | Note
--------------------------------------------------------------
     0 | D:1      | MrRokkomies, the Gargoyle Artificer, began the quest for the Orb.
     0 | D:1      | Reached XP level 1. HP: 12/12 MP: 1/1
   378 | D:1      | Reached skill level 3 in Evocations
   436 | D:1      | Reached XP level 2. HP: 16/16 MP: 3/3
  1170 | D:2      | Noticed Terence
  1198 | D:2      | Killed Terence
  1198 | D:2      | Reached XP level 3. HP: 17/21 MP: 4/4
  1645 | D:2      | Reached skill level 1 in Staves
  1645 | D:2      | Reached XP level 4. HP: 18/27 MP: 6/6
  1930 | D:3      | Reached skill level 4 in Evocations
  2054 | D:3      | Noticed Jessica
  2063 | D:3      | Killed Jessica
  2720 | D:4      | Noticed Protee's ghost (average DsWz)
  2743 | D:4      | Reached XP level 5. HP: 18/31 MP: 8/8
  2936 | D:4      | Found a white marble altar of Elyvilon.
  2954 | D:4      | Noticed Sigmund
  2989 | D:4      | Killed Sigmund
  3126 | D:4      | Reached skill level 5 in Evocations
  3126 | D:4      | Reached XP level 6. HP: 22/36 MP: 11/11
  3199 | D:5      | Entered Level 5 of the Dungeon
  3440 | D:5      | Noticed Prince Ribbit
  3462 | D:5      | Killed Prince Ribbit
  3462 | D:5      | Reached XP level 7. HP: 40/43 MP: 12/12
  3590 | D:5      | Found a burning altar of Makhleb.
  3989 | D:5      | Reached skill level 5 in Fighting
  3989 | D:5      | Reached skill level 5 in Staves
  4389 | D:5      | Reached skill level 1 in Armour
  4643 | D:5      | Reached XP level 8. HP: 42/49 MP: 14/14
  5004 | D:5      | Reached skill level 6 in Staves
  5379 | D:6      | Noticed Ijyb
  5388 | D:6      | Killed Ijyb
  5916 | D:6      | Reached skill level 7 in Staves
  5930 | D:6      | Reached skill level 5 in Armour
  5940 | D:6      | Noticed Eustachio
  5958 | D:6      | Noticed Blork the orc
  5969 | D:6      | Killed Blork the orc
  6041 | D:6      | Reached XP level 9. HP: 42/54 MP: 16/16
  6074 | D:6      | Noticed Pikel
  6110 | D:6      | Killed Pikel
  6110 | D:6      | Reached skill level 8 in Staves
  6170 | D:6      | Killed Eustachio
  7437 | D:7      | Found a staircase to the Ecumenical Temple.
  7447 | Temple   | Entered the Ecumenical Temple
  7547 | D:7      | Reached skill level 9 in Staves
  7613 | D:7      | Noticed Edmund
  7626 | D:7      | Killed Edmund
  7828 | D:7      | Found Myllat's Food Shoppe.
  7977 | D:5      | Reached XP level 10. HP: 40/59 MP: 18/18
  8282 | D:4      | Noticed Natasha
  8286 | D:4      | Killed Natasha
  8360 | D:4      | Noticed Natasha
  8370 | D:4      | Killed Natasha
  8401 | D:4      | Noticed Natasha
  8414 | D:4      | Killed Natasha
  8532 | D:4      | Killed Protee's ghost
  8664 | D:4      | Found a bloodstained altar of Trog.
  8668 | D:4      | Became a worshipper of Trog the Wrathful
  8677 | D:4      | Found a stormy altar of Qazlal.
  9460 | D:8      | Noticed Maurice
  9470 | D:8      | Killed Maurice
  9470 | D:8      | Reached skill level 10 in Staves
 10022 | D:8      | Acquired Trog's first power
 10240 | D:9      | Noticed Erolcha
 10271 | D:9      | Killed Erolcha
 10271 | D:9      | Reached skill level 10 in Armour
 10444 | D:9      | Noticed Grum
 10507 | D:9      | Killed Grum
 10519 | D:9      | Reached skill level 11 in Staves
 11170 | D:9      | Reached XP level 11. HP: 60/64 MP: 19/19
 11192 | D:9      | Found an ancient bone altar of Kikubaaqudgha.
 11230 | D:9      | Found a radiant altar of Vehumet.
 11354 | D:9      | Upgraded the game from 0.15-a0-2246-gfd41422 to 0.15-a0-2265-gb33f7a6
 11356 | D:10     | Entered Level 10 of the Dungeon
 11356 | D:10     | Noticed Herrn's ghost (powerful VSFi)
 11374 | D:10     | Killed Herrn's ghost
 11565 | D:10     | Found a deep blue altar of Sif Muna.
 11857 | D:10     | Noticed Fannar
 11884 | D:10     | Killed Fannar
 11967 | D:10     | Killed an unseen horror
 11967 | D:10     | Reached skill level 12 in Staves
 12151 | D:10     | Acquired Trog's second power
 12285 | D:10     | Found a staircase to the Orcish Mines.
 12318 | D:10     | Found a roughly hewn altar of Beogh.
 12570 | D:10     | Noticed a seven-headed hydra
 12582 | D:10     | Killed a seven-headed hydra
 13319 | D:11     | Identified the Papyrus of Excruciating Envenoming (You found it on level 11 of the Dungeon)
 13933 | D:11     | Noticed a hill giant
 14025 | D:11     | Killed a hill giant
 14025 | D:11     | Reached XP level 12. HP: 75/77 MP: 21/21
 14176 | D:11     | Reached skill level 10 in Fighting
 14364 | D:11     | Reached skill level 1 in Crossbows
 14687 | D:11     | Found a staircase to the Lair.
 14948 | Lair:1   | Entered Level 1 of the Lair of Beasts
 15307 | Lair:1   | Noticed Nergalle
 15353 | Lair:1   | Killed Nergalle
 15714 | Lair:1   | Noticed Gastronok
 15756 | Lair:1   | Killed Gastronok
 16187 | Lair:1   | Reached skill level 5 in Crossbows
 16327 | Lair:1   | Acquired Trog's third power
 18277 | Lair:3   | Reached XP level 13. HP: 62/82 MP: 25/25
 18369 | Lair:3   | Found a staircase to the Shoals.
 18637 | Lair:3   | Reached skill level 10 in Evocations
 19599 | Lair:4   | Received a gift from Trog
 19652 | Lair:4   | Got a pitted amber ring
 19653 | Lair:4   | Identified the ring of Jenott Ocke {Fire Str+1 SInv} (You found it on level 4 of the Lair of Beasts)
 20773 | Lair:5   | Found a staircase to the Snake Pit.
 20798 | Lair:5   | Received a gift from Trog
 22457 | Lair:6   | Received a gift from Trog
 23205 | Lair:6   | Received a gift from Trog
 23854 | Lair:7   | Gained mutation: Your wings are large and strong. [gargoyle growth]
 23854 | Lair:7   | Reached XP level 14. HP: 86/88 MP: 28/28
 23878 | Lair:7   | Received a gift from Trog
 24164 | Lair:7   | Got an ichor-stained hand crossbow
 24402 | Lair:7   | Reached skill level 13 in Armour
 24630 | Lair:7   | Received a gift from Trog
 26199 | Lair:8   | Entered Level 8 of the Lair of Beasts
 26261 | Lair:8   | Received a gift from Trog
 26550 | Lair:8   | Reached skill level 10 in Crossbows
 26690 | Lair:7   | Received a gift from Trog
 26793 | Lair:7   | Reached skill level 14 in Armour
 28137 | Lair:8   | Found a staircase to the Slime Pits.
 28137 | Lair:8   | Noticed an acid blob
 28165 | Lair:8   | Noticed Maud
 28172 | Lair:8   | Noticed AvylaarBelgium's ghost (powerful DEFE)
 28542 | Lair:8   | Killed AvylaarBelgium's ghost
 28725 | Lair:8   | Received a gift from Trog
 29342 | Lair:8   | Mangled by Maud

Action                   |  1- 3 |  4- 6 |  7- 9 | 10-12 | 13-15 || total
-------------------------+-------+-------+-------+-------+-------++-------
Melee: Short sword       |    76 |       |       |       |       ||    76
       Quarterstaff      |    29 |   211 |   481 |  1240 |  1408 ||  3369
       Flail             |     5 |       |       |       |       ||     5
       Unarmed           |       |       |    15 |       |       ||    15
       Blowgun           |       |       |       |     1 |       ||     1
 Fire: Blowgun           |       |    16 |    54 |    80 |     5 ||   155
       Arbalest          |       |       |       |    22 |    11 ||    33
       Triple crossbow   |       |       |       |       |   102 ||   102
Throw: Stone             |       |       |     6 |     2 |       ||     8
       Tomahawk          |       |       |     9 |    31 |     1 ||    41
Invok: Berserk           |       |       |       |     5 |     5 ||    10
       Burn Spellbooks   |       |       |       |     1 |     2 ||     3
 Abil: Fly               |       |       |       |       |     1 ||     1
Evoke: Wand              |     6 |     6 |    23 |    71 |    25 ||   131
       Phial of floods   |       |       |       |       |     3 ||     3
       Sack of spiders   |       |       |       |       |     1 ||     1
  Use: Scroll            |     1 |     1 |     5 |    23 |    10 ||    40
       Potion            |     1 |     1 |     4 |     7 |     1 ||    14
 Stab: Sleeping          |     2 |       |       |       |       ||     2
       Confused          |     1 |     2 |     1 |     5 |       ||     9
       Paralysed         |       |       |       |    10 |       ||    10
       Distracted        |       |       |       |     1 |       ||     1
       Betrayed ally     |       |       |       |     1 |       ||     1
  Eat: Chunk             |     2 |     6 |    15 |    31 |    29 ||    83
       Fruit             |       |       |       |     8 |     3 ||    11
       Beef jerky        |       |       |       |     2 |     1 ||     3
       Pizza             |       |       |       |     1 |     2 ||     3
       Royal jelly       |       |       |       |       |     1 ||     1
